AoeStats
← Amauta

Black Forest

509793010Analyzed
4v4 RM · 3d ago on Sep 28, 2026· 67m 18s· 8 players
Game mode
Random Map
Map size
Large (8 player)
Population
200
Speed
Normal
Resources
Standard
Victory
Conquest
Starting age
Dark Age
Ending age
Imperial Age
RankedLock teamsTeams togetherTeam positionsShared explorationLock speedFull tech treeHidden civsTurbo modeCheats
Victory
Defeat
🇺🇸 Turks · United States
1374
+16
🇵🇪 Spanish · Peru
1368
+16
🇦🇷 Hindustanis · Argentina
1340
+18
🇵🇦 Mongols · Panama
1321
+18
🇯🇵 Mongols · Japan
1408
-18
🇲🇽 Huns · Mexico
1399
-18
🇻🇪 Italians · Venezuela
1376
-17
🇻🇳 Magyars · Vietnam
1317
-15
Amauta
1:26 Loom
11:38 Feudal Age
12:14 Double-Bit Axe
21:05 Fletching
21:17 Padded Archer Armor
21:23 Horse Collar
27:23 Castle Age
28:16 Bodkin Arrow
27:42 Crossbowman
29:12 Bow Saw
29:24 Heavy Plow
31:03 Stone Mining
32:38 Thumb Ring
38:12 Imperial Age
36:25 Ballistics
36:22 Leather Archer Armor
39:40 Wheelbarrow
39:47 Parthian Tactics
40:17 Husbandry
41:16 Bracer
40:48 Heavy Cavalry Archer
42:12 Conscription
46:29 Bloodlines
47:47 Ring Archer Armor
48:58 Sipahi
64:46 Hand Cart
Xerg
5:45 Loom
10:34 Feudal Age
11:37 Double-Bit Axe
14:20 Castle Age
18:16 Wheelbarrow
20:11 Hand Cart
19:42 Town Watch
21:19 Bow Saw
22:45 Horse Collar
23:49 Heavy Plow
24:40 Fervor
26:15 Scale Barding Armor
29:27 Imperial Age
28:06 Bloodlines
27:16 Light Cavalry
28:18 Husbandry
28:41 Chain Barding Armor
29:28 Hussar
29:30 Onager
30:32 Conscription
31:28 Chemistry
31:59 Forging
34:47 Drill
34:55 Siege Onager
37:15 Iron Casting
38:36 Siege Engineers
41:32 Blast Furnace
52:52 Caravan
56:20 Coinage
58:13 Banking
ValkriaN
6:37 Loom
11:47 Feudal Age
13:10 Double-Bit Axe
14:18 Double-Bit Axe
16:52 Castle Age
16:17 Forging
18:44 Bow Saw
22:29 Horse Collar
26:46 Husbandry
27:42 Gold Mining
28:29 Wheelbarrow
31:11 Imperial Age
30:11 Bloodlines
30:08 Scale Barding Armor
30:42 Gold Shaft Mining
30:13 Stone Mining
30:35 Heavy Plow
31:21 Heavy Camel Rider
33:56 Hand Cart
34:23 Stone Shaft Mining
33:55 Heavy Camel Rider
35:54 Iron Casting
39:48 Padded Archer Armor
40:51 Chemistry
40:23 Conscription
40:07 Squires
41:13 Leather Archer Armor
40:49 Light Cavalry
41:54 Shatagni
42:02 Hussar
43:29 Ring Archer Armor
45:20 Hussar
45:50 Elite Skirmisher
52:36 Blast Furnace
51:57 Chain Barding Armor
53:00 Caravan
54:01 Chain Barding Armor
57:50 Two-Man Saw
57:14 Grand Trunk Road
60:32 Plate Barding Armor
61:05 Imperial Camel Rider
62:47 Imperial Camel Rider
65:02 Ballistics
64:47 Siege Engineers
aq.gjoel
0:35 Loom
11:53 Feudal Age
16:47 Castle Age
15:35 Double-Bit Axe
17:01 Stone Mining
17:09 Fletching
17:35 Town Watch
20:10 Bodkin Arrow
25:50 Wheelbarrow
25:42 Bow Saw
28:23 Padded Archer Armor
28:15 Fishing Lines
33:20 Imperial Age
31:40 Pikeman
32:39 Squires
33:00 Forging
35:58 Imperial Age
34:40 Iron Casting
34:06 Scale Mail Armor
35:26 Gillnets
37:22 Hand Cart
38:25 Gold Mining
39:45 Town Patrol
41:50 Scale Barding Armor
42:46 Blast Furnace
42:27 Conscription
42:28 Bloodlines
42:19 Husbandry
45:06 Two-Man Saw
44:00 Cavalier
46:53 Chain Barding Armor
47:34 Blast Furnace
47:31 Bracer
48:00 Light Cavalry
50:30 Elite Conquistador
52:32 Plate Barding Armor
53:40 Leather Archer Armor
52:51 Hussar
54:38 Caravan
57:10 Ring Archer Armor
58:43 Paladin
59:04 Paladin
Ux'BorealTulip
2:11 Loom
13:09 Feudal Age
14:54 Town Watch
18:31 Castle Age
16:53 Fishing Lines
18:08 Double-Bit Axe
20:27 Gillnets
24:36 Fletching
27:24 Scale Barding Armor
32:51 Imperial Age
31:51 Chain Barding Armor
31:51 Gold Mining
33:29 Forging
34:12 Bow Saw
34:19 Bloodlines
34:09 Husbandry
34:52 Plate Barding Armor
34:59 Gold Shaft Mining
34:51 Conscription
35:09 Scale Mail Armor
35:45 Iron Casting
35:26 Squires
35:12 Arson
36:15 Chain Mail Armor
39:15 Blast Furnace
40:37 Bodkin Arrow
40:36 Stone Mining
41:49 Two-Man Saw
42:06 Wheelbarrow
41:15 Pikeman
41:43 Halberdier
43:39 Light Cavalry
44:40 Hussar
49:11 Plate Barding Armor
49:21 Cavalier
57:00 Horse Collar
58:17 Paladin
62:43 Hand Cart
Todas Mienten
2:22 Loom
10:59 Feudal Age
11:22 Man-at-Arms
12:28 Arson
21:46 Double-Bit Axe
29:25 Castle Age
28:38 Wheelbarrow
27:44 Horse Collar
28:13 Town Watch
29:08 Gold Mining
29:08 Stone Mining
34:00 Imperial Age
33:00 Stone Shaft Mining
32:37 Bow Saw
32:27 Heavy Plow
32:43 Caravan
33:17 Silk Road
33:50 Fletching
34:54 Bodkin Arrow
35:29 Ballistics
36:10 Chemistry
35:33 Ballistics
37:00 Bracer
37:00 Padded Archer Armor
38:54 Leather Archer Armor
39:33 Conscription
40:28 Guilds
42:10 Thumb Ring
47:27 Two-Man Saw
45:55 Elite Skirmisher
47:08 Ring Archer Armor
54:20 Masonry
53:51 Treadmill Crane
58:17 Hoardings
58:54 Coinage
sada-aki
9:52 Loom
12:17 Feudal Age
12:50 Double-Bit Axe
16:23 Castle Age
17:33 Bow Saw
22:56 Horse Collar
30:11 Imperial Age
27:38 Gold Mining
29:11 Wheelbarrow
29:27 Caravan
31:11 Drill
30:14 Capped Ram
32:04 Chemistry
31:14 Siege Ram
32:46 Ballistics
32:32 Siege Engineers
33:18 Heavy Scorpion
35:24 Hand Cart
35:57 Gold Shaft Mining
35:13 Stone Mining
54:11 Onager
55:33 Siege Onager
HuynhSon
2:18 Loom
12:17 Feudal Age
18:16 Castle Age
16:46 Fishing Lines
17:01 Double-Bit Axe
19:14 Bow Saw
22:25 Corvinian Army
23:44 Gillnets
25:40 Scale Barding Armor
26:04 Horse Collar
27:57 Chain Barding Armor
29:41 Bloodlines
29:33 Husbandry
31:52 Fletching
35:13 Imperial Age
33:23 Gold Mining
35:11 Gold Shaft Mining
36:28 Parthian Tactics
36:44 Plate Barding Armor
36:35 Heavy Cavalry Archer
37:37 Bodkin Arrow
38:29 Padded Archer Armor
38:53 Recurve Bow
39:40 Conscription
39:22 Bracer
40:20 Leather Archer Armor
39:50 Capped Ram
41:07 Ballistics
43:21 Chemistry
44:27 Ring Archer Armor
44:46 Elite Magyar Huszar
48:41 Stone Mining
49:15 Siege Engineers
51:39 Two-Man Saw
51:46 Caravan
57:14 Heavy Plow
58:29 Wheelbarrow
61:11 Hand Cart
61:30 Crop Rotation
Connection lost

Rejoining the realm…

Still unreachable

The connection could not be restored.

Session expired

The server has moved on; the page needs a fresh start.